Map: Сумеречные башни

Players

llIllIlllll

  • Race: Terran Terran
  • League: Master

NextRim - Winner!

  • Race: Protoss Protoss
  • League: Diamond

VOD

Have the link to the VOD?

Description

Time

  • Played on: Nov. 12, 2015, 3:54 p.m.
  • Length: 7:15
Show
View Real Time Build Order
Export as new Build Order

llIllIlllll Terran 

Build Orders: MMM Bio 

Get SALT Encoding   

  12  0:01  SCV  
  13  0:13  SCV  
  14  0:18  Supply Depot  
  14  0:27  SCV  
  15  0:39  SCV  
  16  0:44  Barracks  
  16  0:52  SCV  
  17  1:04  SCV  
  18  1:14  Command Center  
  18  1:19  SCV  
  19  1:31  Orbital Command  
  19  1:35  Refinery  
  19  1:42  Barracks  
  19  1:47  Refinery  
  19  1:57  SCV  
  20  2:02  Supply Depot  
  20  2:09  SCV  
  21  2:16  Barracks Reactor  
  21  2:21  SCV  
  22  2:25  Supply Depot  
  22  2:29  Orbital Command  
  22  2:31  Barracks Tech Lab  
  22  2:33  SCV  
  23  2:45  SCV  
  23  2:48  Engineering Bay  
  23  2:50  Marine  
  25  2:54  Marine  
  25  2:57  Stimpack  
  25  2:58  Marine  
  27  3:01  SCV  
  28  3:06  SCV  
  28  3:08  Marine  
  28  3:11  Marine  
  31  3:15  Factory  
  31  3:18  Missile Turret  
  31  3:19  Marine  
  32  3:27  Missile Turret  
  32  3:31  SCV x2  
  33  3:36  Marine x2  
  33  3:42  Marine  
  33  3:43  SCV  
  32  3:50  SCV  
  32  3:54  Marine  
  32  3:55  Marauder  
  29  3:56  SCV  
  28  4:11  Marine  
  28  4:16  Starport, Marauder  
  27  4:23  SCV x2  
  28  4:35  SCV x2  
  28  4:38  Factory Reactor  
  30  4:39  Marine  
  31  4:48  SCV x2  
  31  4:50  Marine  
  34  4:58  Combat Shields  
  34  5:01  Marine x2  
  34  5:04  SCV  
  34  5:06  SCV  
  38  5:17  Marine  
  38  5:20  SCV  
  40  5:23  Medivac x2  
  45  5:28  SCV  
  45  5:33  Marine x2  
  47  5:37  SCV  
  47  5:41  Marine  
  49  5:43  SCV  
  49  5:47  Supply Depot  
  50  5:51  Marine x2  
  52  5:59  Marine  
  51  6:07  SCV  
  42  6:31  Marine  
  42  6:32  Marine  
  40  6:34  Medivac  
  40  6:35  Marine  
  40  6:37  SCV  
  40  6:52  Marine  
  40  6:53  Marine  
Show
View Real Time Build Order
Export as new Build Order

NextRim Protoss - Winner!

Build Orders:  

Get SALT Encoding   

  12  0:01  Probe (Chrono Boost)  
  13  0:12  Probe (Chrono Boost)  
  14  0:18  Pylon  
  14  0:22  Probe (Chrono Boost)  
  15  0:36  Probe (Chrono Boost)  
  15  0:38  Gateway  
  16  0:46  Probe (Chrono Boost)  
  16  0:48  Assimilator  
  17  0:53  Assimilator  
  18  0:57  Probe (Chrono Boost)  
  18  1:05  Gateway  
  18  1:10  Probe (Chrono Boost)  
  19  1:21  Probe (Chrono Boost)  
  20  1:26  Cybernetics Core  
  20  1:31  Probe (Chrono Boost)  
  21  1:35  Pylon  
  21  1:42  Probe (Chrono Boost)  
  22  1:53  Probe (Chrono Boost)  
  23  2:02  Warp Gate (Chrono Boost)  
  23  2:04  Adept x2  
  23  2:07  Mothership Core  
  29  2:15  Pylon  
  29  2:31  Adept  
  29  2:33  Adept  
  33  2:53  Nexus  
  33  2:57  Probe  
  34  3:14  Probe  
  35  3:21  Robotics Facility  
  35  3:26  Probe  
  36  3:38  Probe  
  37  3:51  Probe  
  38  4:03  Probe  
  38  4:04  Gateway  
  38  4:05  Gateway  
  38  4:06  Twilight Council, Forge  
  39  4:14  Probe  
  39  4:15  Probe  
  41  4:25  Probe  
  41  4:27  Probe  
  41  4:28  Protoss Ground Armor Level 1  
  39  4:33  Warp Prism  
  39  4:37  Probe  
  41  4:39  Probe  
  41  4:43  Blink (Chrono Boost)  
  43  4:57  Adept x2  
  47  5:02  Pylon  
  47  5:06  Pylon  
  47  5:09  Pylon  
  47  5:16  Probe x2  
  47  5:18  Immortal  
  47  5:21  Sentry x2  
  57  5:28  Probe x2  
  57  5:34  Assimilator  
  59  5:36  Pylon  
  59  5:39  Assimilator  
  59  5:40  Probe  
  59  5:41  Probe  
  61  5:52  Probe  
  62  5:58  Observer  
  55  6:14  Adept x4  
  63  6:24  Gateway  
  59  6:26  Gateway  
  59  6:28  Gateway  
  59  6:35  Adept x2  
  59  6:36  Adept x2  
  66  6:56  Pylon  
  66  6:58  Sentry x2  
  66  6:59  Pylon  
Tags
 
Add a new tag
Caveats
  • Supply blocks, unpowered buildings, or Contaminate may cause inaccurate times.
  • Supply counts are checked every 10 seconds.